 Dungeon Crawl Stone Soup version 0.24.1-8-ga250c9d538 (webtiles) character file.

Game seed: 7444000265291497644, levelgen mode: deterministic

18 Peloso the Skirmisher (level 2, 24/24 HPs)
             Began as a Demonspawn Fighter on May 8, 2020.
             Got out of the dungeon alive.
             The game lasted 00:01:51 (667 turns).

Peloso the Skirmisher (Demonspawn Fighter)           Turns: 667, Time: 00:01:51

Health: 24/24      AC:  6    Str: 16    XL:     2   Next: 51%
Magic:  2/2        EV:  6    Int: 14    God:
Gold:   47         SH:  8    Dex: 12    Spells: 1/1 levels left

rFire    . . .     SeeInvis .   a - +0 long sword
rCold    + . .     Gourm    .   c - +0 shield
rNeg     . . .     Faith    .   b - +0 scale mail
rPois    .         Spirit   .   (no helmet)
rElec    .         Reflect  .   (no cloak)
rCorr    .         Harm     .   (no gloves)
MR       .....                  (no boots)
Stlth    ..........             (no amulet)
HPRegen  0.08/turn              (no ring)
MPRegen  0.08/turn              (no ring)

@: brilliant
A: hooves 1, blurry vision 1, cold resistance 1
a: no special abilities


You escaped.
You were not hungry.

You visited 1 branch of the dungeon, and saw 1 of its levels.

You collected 47 gold pieces.

Inventory:

Hand Weapons
 a - a +0 long sword (weapon)
Armour
 b - a +0 scale mail (worn)
 c - a +0 shield (worn)
Scrolls
 g - a scroll of enchant armour {unknown}
 h - 2 scrolls of fear {unknown}
 i - 4 scrolls of identify {unknown}
 j - a scroll of magic mapping {unknown}
 l - a scroll of immolation {unknown}
 m - a scroll of remove curse {unknown}
 n - 2 scrolls of teleportation {unknown}
 o - a scroll of blinking {unknown}
Potions
 d - a potion of might
 e - a potion of brilliance
 p - a potion of curing {unknown}
 q - a potion of flight {unknown}
Comestibles
 f - 2 rations


   Skills:
 + Level 3.2 Fighting
 + Level 1.9 Long Blades
 + Level 3.0 Armour
 + Level 3.0 Shields


You had one spell level left.
You didn't know any spells.
Your spell library was empty.

Dungeon Overview and Level Annotations

Branches:
Dungeon (1/15)

Altars:


Innate Abilities, Weirdness & Mutations

Your flesh is cold resistant. (rC+)
You have large cloven feet.
Scrolls take you a little longer to read.


Message History

Partly explored, can't reach some places.
Partly explored, can't reach some places.
It was a potion of brilliance.
You feel clever all of a sudden.
It was a potion of mutation.
You feel extremely strange.
Your regeneration stops near monsters.
Your feet thicken and deform.
Really quaff the potion of mutation?
You feel extremely strange.
Your hooves expand and flesh out into feet!
You begin to regenerate regardless of the presence of monsters.
Your vision blurs.
Your feet thicken and deform.
(D) Dungeon
Where to? (? - help)
What level of the Dungeon? (default 1, ? - help)
You enter the shallow water.
Moving in this stuff is going to be slow.
There is an open gate here.
There is a staircase leading out of the dungeon here.
Are you sure you want to leave the Dungeon?
This will make you lose the game!
You have escaped!

...........≈≈.P...≈P≈.≈≈≈..≈≈≈P≈≈
..#..#......)..(..≈.(......≈..≈≈≈
..#..#>...................)......
###..#.......#########...........
#..######^..####...............
#...## #[.....................
#.#.(#####.#######.####........
#.##(#.....#.....#.# #........
###.##(#.##..#..@..#.####........
......(..###.#.....#.............
.........# #.#.....#.............
.........# #.##'''##.............
.........# #.........#..........#
.........# ##(...(......#.....###
.........####.#..................
........>................###.###.
.....(.......##..................


There were no monsters in sight!

Vanquished Creatures
  A dart slug (D:1)
  2 giant cockroaches (D:1)
  4 goblins (D:1)
  5 kobolds (D:1)
  A bat (D:1)
  3 rats (D:1)
16 creatures vanquished.

Notes
Turn   | Place    | Note
-------+----------+-------------------------------------------
     0 | D:1      | Peloso the Demonspawn Fighter began the quest for the Orb.
     0 | D:1      | Reached XP level 1. HP: 18/18 MP: 1/1
    95 | D:1      | Gained mutation: Your flesh is cold resistant. (rC+)
                  | [demonic ancestry]
    95 | D:1      | Reached XP level 2. HP: 11/24 MP: 2/2
   632 | D:1      | Gained mutation: You do not regenerate when monsters are
                  | visible. [potion of mutation]
   632 | D:1      | Gained mutation: You have large cloven feet. [potion of
                  | mutation]
   633 | D:1      | Lost mutation: You have large cloven feet. [potion of
                  | mutation]
   633 | D:1      | Lost mutation: You do not regenerate when monsters are
                  | visible. [potion of mutation]
   633 | D:1      | Gained mutation: Scrolls take you a little longer to read.
                  | [potion of mutation]
   633 | D:1      | Gained mutation: You have large cloven feet. [potion of
                  | mutation]
   667 | D:$      | Got out of the dungeon alive.

Levels and vault maps discovered:
D:1:      dpeg_arrival_windows_large_door, layout_rooms,
          minmay_misc_feat_diagonals, chequers_big_river

Skill      XL: |  1  2 |
---------------+-------+-----
Armour         | 3 |  3.0
Shields        | 3 |  3.0
Fighting       | |  3.2
Long Blades    | |  1.9

Action                   || total
-------------------------++-------
Melee: Long sword        ||    55
  Use: Potion            ||     3
Armor: Scale mail        ||    40
Dodge: Dodged            ||    24
Block: Shield            ||    40
       Rpst.: Long sword ||     4
